 Dungeon Sprint DCSS version 0.19-a0-1714-gcab94ab (webtiles) character file.

10 Theye the Skirmisher (level 2, -4/24 HPs)
             Began as a Mummy Fighter on Sept 28, 2016.
             Slain by a gnoll sergeant
             ... wielding a +4 spear of flaming
              (6 damage)
             ... in the Dungeon (Sprint IX: "|||||||||||||||||||||||||||||").
             The game lasted 00:00:37 (228 turns).

Theye the Skirmisher (Mummy Fighter)                 Turns: 228, Time: 00:00:37

Health: -4/24      AC:  7    Str: 22    XL:     2   Next: 10%
Magic:  2/2        EV:  7    Int:  7    God:    Xom [..*...]
Gold:   0          SH:  9    Dex: 11    Spells: 0 memorised, 1 level left

rFire  x . .     SeeInvis .     a - +0 flail
rCold  + . .     Gourm    .     b - +0 scale mail
rNeg   + + +     Faith    .     c - +0 shield
rPois  ∞         Spirit   .     (no helmet)
rElec  .         Dismiss  .     (no cloak)
rCorr  .         Reflect  .     (no gloves)
MR     .....     Harm     .     (no boots)
Stlth  .......... NoTele   +    (no amulet)
                                (no ring)
                                d - +3 ring of strength

@: no status effects
A: no food or potions, fire vulnerability, cold resistance 1, negative energy
resistance 3, torment resistance, unbreathing
a: Renounce Religion


You were in the Dungeon.
You worshipped Xom.
You were a toy of Xom.
You were not hungry.

You visited 1 branch

Inventory:

Hand Weapons
 a - a +0 flail (weapon)
Armour
 b - a +0 scale mail (worn)
 c - a +0 shield (worn)
Jewellery
 d - a +3 ring of strength (left hand)


   Skills:
 + Level 3.5 Fighting
 + Level 1.7 Maces & Flails
 + Level 3.2 Armour
 + Level 3.3 Shields


You had one spell level left.
You didn't know any spells.

Dungeon Overview and Level Annotations

Branches:
Dungeon (1/1)

Altars:
Cheibriados
Dithmenos
Elyvilon
Fedhas
Gozag
Hepliaklqana
Kikubaaqudgha
Makhleb
Nemelex Xobeh
Okawaru
Qazlal
Ru
Sif Muna
Trog
Uskayaw
Vehumet
Xom
Yredelemnul
Zin
The Shining One
Beogh
Jiyva
Lugonu


Innate Abilities, Weirdness & Mutations

You do not eat or drink.
Your flesh is vulnerable to fire.
You are immune to poison.
Your flesh is cold resistant. (rC+)
You are immune to negative energy. (rN+++)
You are immune to unholy pain and torment.
You can survive without breathing.


Message History

* * * LOW HITPOINT WARNING * * *
You block the gnoll sergeant's attack.
The worker ant bites you but does no damage.
You are too injured to fight recklessly!
You are too injured to fight recklessly!
You aren't carrying any spellbooks or scrolls.
You barely miss the worker ant.
The worker ant is almost dead.
The gnoll sergeant hits you from afar with a spear of flaming.
* * * LOW HITPOINT WARNING * * *
The gnoll sergeant burns you.
* * * LOW HITPOINT WARNING * * *
You block the worker ant's attack.
Your shield and scale mail prevent you from hitting the worker ant.
The worker ant is almost dead.
The worker ant bites you.
* * * LOW HITPOINT WARNING * * *
The gnoll sergeant hits you from afar with a spear of flaming.
You die...
Xom roars with laughter! ▓▓▓▓▓▓▓▓▓▓▓▓▓▓▓▓▓▓ +@agY[)|?!'.______ ▓▓▓▓▓▓▓▓▓▓▓▓▓▓▓▓▓▓

You could see an ice beast, a gnoll sergeant and a worker ant.

Vanquished Creatures
  An adder skeleton (D)
  A leopard gecko (D)
  A goblin (D)
  2 kobolds (D)
  A ball python zombie (D)
  A bat (D)
7 creatures vanquished.

Vanquished Creatures (others)
  A spatial maelstrom (D)
1 creature vanquished.

Grand Total: 8 creatures vanquished

Notes
Turn   | Place    | Note
-------+----------+-------------------------------------------
     0 | D        | Theye the Mummy Fighter began the quest for the Orb.
     0 | D        | Reached XP level 1. HP: 18/18 MP: 1/1
     0 | D        | Banished a spatial maelstrom
   172 | D        | Noticed a worker ant
   172 | D        | Noticed a gnoll sergeant
   172 | D        | Noticed an ice beast
   176 | D        | Reached XP level 2. HP: 24/24 MP: 2/2
   182 | D        | Found a roughly hewn altar of Beogh.
   182 | D        | Found a snail-covered altar of Cheibriados.
   182 | D        | Found a shadowy altar of Dithmenos.
   182 | D        | Found a white marble altar of Elyvilon.
   182 | D        | Found a blossoming altar of Fedhas.
   182 | D        | Found an opulent altar of Gozag.
   183 | D        | Found a hazy altar of Hepliaklqana.
   184 | D        | Found a viscous altar of Jiyva.
   185 | D        | Found an ancient bone altar of Kikubaaqudgha.
   186 | D        | Found a corrupted altar of Lugonu.
   187 | D        | Found a burning altar of Makhleb.
   188 | D        | Found a sparkling altar of Nemelex Xobeh.
   189 | D        | Found an iron altar of Okawaru.
   190 | D        | Found a stormy altar of Qazlal.
   191 | D        | Found a sacrificial altar of Ru.
   192 | D        | Found a deep blue altar of Sif Muna.
   193 | D        | Found a bloodstained altar of Trog.
   194 | D        | Found a hide-covered altar of Uskayaw.
   195 | D        | Found a radiant altar of Vehumet.
   196 | D        | Found a shimmering altar of Xom.
   197 | D        | Found a basalt altar of Yredelemnul.
   198 | D        | Found a glowing silver altar of Zin.
   199 | D        | Found a glowing golden altar of the Shining One.
   204 | D        | Became a worshipper of Xom of Chaos
   228 | D        | Slain by a gnoll sergeant

Vault maps used:
D:        linesprint

Skill      XL: |  1 |
---------------+----+-----
Shields        | 3 |  3.3
Armour         | 3 |  3.2
Fighting       | |  3.5
Maces & Flails | |  1.7

Action                   || total
-------------------------++-------
Melee: Flail             ||    44
  Use: Scroll            ||     1
Armor: Scale mail        ||    21
Dodge: Dodged            ||    19
Block: Shield            ||    30
